 Dungeon Crawl Stone Soup version 0.21.1-1-g345015fe64 (webtiles) character file.

40 Lothor the Poker (level 3, 0/27 HPs)
             Began as a Merfolk Skald on Mar 21, 2018.
             Succumbed to an adder's poison
             ... on level 1 of the Dungeon.
             The game lasted 00:05:34 (1270 turns).

Lothor the Poker (Merfolk Skald)                    Turns: 1270, Time: 00:05:34

Health: 0/27       AC:  3    Str: 12    XL:     3   Next: 50%
Magic:  6/6        EV: 12    Int: 12    God:
Gold:   145        SH:  0    Dex: 13    Spells: 1/6 levels left

rFire    . . .     SeeInvis .   a - +0 spear
rCold    . . .     Gourm    .   (no shield)
rNeg     . . .     Faith    .   b - +0 leather armour
rPois    .         Spirit   .   (no helmet)
rElec    .         Reflect  .   (no cloak)
rCorr    .         Harm     .   (no gloves)
MR       .....                  (no boots)
Stlth    +.........             (no amulet)
HPRegen  0.09/turn              (no ring)
MPRegen  0.10/turn              (no ring)

@: lethally poisoned (0 -> -3)
A: change form in water, swift swim, stealthy swim
a: no special abilities


You were on level 1 of the Dungeon.
You were not hungry.

You visited 1 branch of the dungeon, and saw 2 of its levels.

You collected 145 gold pieces.

Inventory:

Hand Weapons
 a - a +0 spear (weapon)
Missiles
 e - 33 arrows
 i - 8 bolts
Armour
 b - a +0 leather armour (worn)
Scrolls
 f - a scroll of remove curse {unknown}
 g - 3 scrolls of identify {unknown}
Books
 c - a book of Battle

   Spells                             Type                      Level
   a - Infusion                       Charms                       1
   b - Shroud of Golubria             Charms/Translocation         2
   c - Song of Slaying                Charms                       2
   d - Spectral Weapon                Hexes/Charms                 3
   e - Regeneration                   Charms/Necromancy            3
Comestibles
 d - 2 rations
 h - a chunk of flesh


   Skills:
 - Level 2.1 Fighting
 + Level 5.6 Polearms
 - Level 0.6 Armour
 - Level 2.6 Dodging
 - Level 2.0 Spellcasting
 - Level 3.2 Charms


You had one spell level left.
You knew the following spells:

 Your Spells              Type           Power        Failure   Level  Hunger
a - Infusion              Chrm           #...         9%          1    ##.....
b - Shroud of Golubria    Chrm/Tloc      #.........   26%         2    ###....
c - Song of Slaying       Chrm           #.......     14%         2    ###....


Dungeon Overview and Level Annotations

Branches:
Dungeon (2/15)

Altars:


Message History

You feel sick.
There is a stone staircase leading down here.
You hit the kobold but do no damage. The kobold barely misses you.
You barely miss the kobold.
* * * LOW HITPOINT WARNING * * *
You feel sick. The kobold misses you.
You hit the kobold.
You kill the kobold!
You eat one of the 3 rations.
That ration really hit the spot!
* * * LOW HITPOINT WARNING * * *
You feel sick.
There is a lethal amount of poison in your body!
Unknown command.
Your song is almost over.
* * * LOW HITPOINT WARNING * * *
You feel sick.
* * * LOW HITPOINT WARNING * * *
You feel sick.
Your song has ended.
You die...

#.####.....#.>.#....)..
#......#####...########
######## #.#.# #...# #.#.#
#...# ########## #.#.#
####.....)>.# #...#####
#........##@# #.......#
#.##.###.##.# #.###.#.#
#.##.###.##.#####.##.#..# #
#.##................###.####
#
#.##.###.##.####...#.#......
#### #.##.###.##.#
#.....#.#.###. ...#
#........##.# ##.).####.# #.
...# ####........#
##.#####.# #. ...#
##.######## #.......# #.


There were no monsters in sight!

Vanquished Creatures
  An adder (D:2)
  A worm (D:2)
  2 dart slugs (D:1)
  4 bats
  8 goblins
  A hobgoblin (D:2)
  5 kobolds (D:1)
  A frilled lizard (D:1)
  A rat (D:1)
24 creatures vanquished.

Notes
Turn   | Place    | Note
-------+----------+-------------------------------------------
     0 | D:1      | Lothor the Merfolk Skald began the quest for the Orb.
     0 | D:1      | Reached XP level 1. HP: 16/16 MP: 3/3
   126 | D:1      | Reached skill level 4 in Polearms
   126 | D:1      | Reached XP level 2. HP: 16/22 MP: 1/5
   556 | D:1      | Learned a level 2 spell: Shroud of Golubria
   559 | D:1      | Learned a level 2 spell: Song of Slaying
   952 | D:2      | Reached skill level 5 in Polearms
   952 | D:2      | Reached XP level 3. HP: 27/27 MP: 0/6
  1264 | D:1      | HP: 1/27 [poisoned by an adder]
  1270 | D:1      | Succumbed to an adder's poison

Skill      XL: |  1  2 |
---------------+-------+-----
Polearms       | 4 5 |  5.6
Fighting       | |  2.1
Armour         | |  0.6
Dodging        | |  2.6
Spellcasting   | |  2.0
Charms         | |  3.2

Action                   || total
-------------------------++-------
Melee: Spear             ||   105
 Cast: Infusion          ||    11
       Shroud of Golubri ||     1
       Song of Slaying   ||     1
  Eat: Ration            ||     1
       Chunk             ||     1
Armor: Leather armour    ||    25
Dodge: Dodged            ||    71
